 Dungeon Crawl Stone Soup version 0.31-a0-845-g9abc20d24f (webtiles) character file.

Game seed: 10305914803009043159

102 Kurtz the Chopper (level 4, 31/31 HPs)
             Began as an Octopode Fighter on Oct 1, 2023.
             Was a Follower of Kikubaaqudgha.
             Quit the game on level 3 of the Dungeon.
             The game lasted 00:01:29 (2429 turns).

Kurtz the Chopper (Octopode Fighter)                Turns: 2429, Time: 00:01:30

Health: 31/31      AC:  1    Str: 15    XL:     4   Next: 78%
Magic:  4/4        EV: 13    Int: 10    God:    Kikubaaqudgha [*.....]
Gold:   166        SH:  4    Dex: 13    Spells: 3/3 levels left

rFire   . . .        a - +0 war axe
rCold   . . .        b - +0 buckler
rNeg    . . .        (helmet restricted)
rPois   .            (no amulet)
rElec   .            (no ring)
rCorr   .            (no ring)
SInv    .            (no ring)
Will    .....        (no ring)
Stlth   ++           (no ring)
HPRegen 0.25/turn    (no ring)
MPRegen 0.09/turn    (no ring)
                     (no ring)

%: no passive effects
@: no status effects
A: almost no armour, amphibious, 8 rings, camouflage 1, gelatinous body 1,
(nimble swimmer 1), tentacles
a: Renounce Religion, Unearth Wretches


You were on level 3 of the Dungeon.
You worshipped Kikubaaqudgha.
Kikubaaqudgha was aware of your devotion.
You visited 1 branch of the dungeon, and saw 3 of its levels.

You collected 166 gold pieces.

Inventory:

Hand Weapons
 a - a +0 war axe (weapon)
Missiles
 i - 8 poisoned darts
Armour
 b - a +0 buckler (worn)
Wands
 p - a wand of charming (3)
Scrolls
 d - 5 scrolls of identify {unknown}
 e - 2 scrolls of amnesia {unknown}
 f - 2 scrolls of vulnerability {unknown}
 h - a scroll of teleportation {unknown}
 j - a scroll of immolation {unknown}
 l - a scroll of fear {unknown}
 n - a scroll of noise {unknown}
 s - a scroll of blinking {unknown}
Potions
 c - a potion of might
 g - a potion of curing {unknown}
 k - 3 potions of haste {unknown}
 m - a potion of berserk rage {unknown}
 o - a potion of heal wounds {unknown}
 q - 2 potions of magic {unknown}
 r - a potion of lignification {unknown}


   Skills:
 - Level 3.0 Fighting
 * Level 4.8 Axes
 - Level 3.0 Dodging
 - Level 3.0 Shields


You had 3 spell levels left.
You didn't know any spells.
Your spell library contained the following spells:

 Spells                   Type           Power      Damage    Failure   Level
 Necrotise                Necr           0%         1d4       45%         1
 Cigotuvi's Dreadful Rot  Necr/Pois/Air  0%         N/A       58%         2
 Ignite Poison            Fire/Tmut/Pois 0%         N/A       83%         3
 Inner Flame              Hex/Fire       0%         N/A       83%         3
 Vampiric Draining        Necr           0%         2d6       83%         3
 Animate Dead             Necr           0%         N/A       99%         4
 Sticky Flame             Conj/Fire      0%         2d3       99%         4
 Yara's Violent Unravell  Hex/Tmut       0%         3d3       100%        5
 Enfeeble                 Hex            0%         N/A       100%        7
 Ignition                 Fire           0%         3d3       100%        8


Dungeon Overview and Level Annotations

Branches:
Dungeon (3/15)

Altars:
Ashenzari
Kikubaaqudgha
Zin


Innate Abilities, Weirdness & Mutations

You cannot wear most types of armour.
You are amphibious.
You can wear up to eight rings at the same time.
Your skin changes colour to match your surroundings (Stealth+).
Your rubbery body absorbs attacks. (AC +1, EV +1)
((You are camouflaged when in or above water. (Stealth+)))
You have tentacles for arms and can constrict up to eight enemies at once.


Message History

No target in view!
You open the door.
There is an open door here.
As you open the door, it creaks loudly!
Found a stone staircase leading down.
No target in view!
There is an open door here.
Found a robe.
No target in view!
No target in view!
Found a stone staircase leading up.
No target in view!
A rat comes into view.
A rat is nearby!
A rat is nearby!
The rat bites you.
A rat is nearby!
You slash the rat!
You kill the rat!
s - a scroll labelled YKAEDGHANUR No target in view!
You open the door.
The angel shouts!
Found a glowing silver altar of Zin.
No reachable target in view!
There is an open door here.
There is an open door here.
Key pressed, stopping explore.
No target in view!
Search for what [Enter for "poi", or ? for help]? alt You open the door.
There is an open door here.
There is a faded altar of an unknown god here.
This altar belongs to (a) Gozag, (b) Trog or (c) Kikubaaqudgha, but you can't tell which.
Press the corresponding letter to learn more about a god, or press enter to convert or escape to cancel.
Kikubaaqudgha accepts your prayer! Kikubaaqudgha welcomes you!
You can now bring forth the wretched and dying.
Kikubaaqudgha grants you a gift!
You add the spells Necrotise, Cigotuvi's Dreadful Rot, Vampiric Draining and Animate Dead to your library.
Are you sure you want to abandon this character and quit the game? (Confirm with "yes".)

........##...............##......
.....#...#...............########
.....#...#.).............# ######
.........#...............# #....#
....##.#..#####..###.....# #.##..
....##.##...###..8.###'#####.#...
....##.###...<#...+###.......#...
....##.# #.#.8.8.8.........###.##
.#####.###.#....@..........###.#
## #.....##8...8.....>...##..#
######.....####...###########.##
....##.....# #8..# #######..###
....##.....# #..#####.......###.
....##.....# ##...##..####### #.
....##.....# ###.#.....#######.
....##.....# #....##.#.......
....##.....# ###>.........###


There were no monsters in sight!

Vanquished Creatures
  Ijyb (D:3)
  An adder (D:3)
  4 dart slugs
  3 worms (D:2)
  An orc (D:3)
  8 endoplasms
  3 goblins
  7 hobgoblins
  A quokka (D:1)
  8 ball pythons
  A frilled lizard (D:2)
  7 kobolds
  6 rats
51 creatures vanquished.

Notes
Turn   | Place    | Note
-------+----------+-------------------------------------------
     0 | D:1      | Kurtz the Octopode Fighter began the quest for the Orb.
     0 | D:1      | Reached XP level 1. HP: 16/16 MP: 1/1
   262 | D:1      | Reached XP level 2. HP: 15/21 MP: 2/2
   531 | D:1      | Reached skill level 3 in Axes
   740 | D:1      | Reached XP level 3. HP: 26/26 MP: 3/3
  1331 | D:2      | Reached skill level 4 in Axes
  1459 | D:2      | Reached XP level 4. HP: 29/31 MP: 4/4
  1799 | D:3      | Found a faded altar of an unknown god.
  2115 | D:3      | Noticed Ijyb
  2137 | D:3      | Killed Ijyb
  2252 | D:3      | Found a broken altar of Ashenzari.
  2383 | D:3      | Found a glowing silver altar of Zin.
  2383 | D:3      | Noticed an angel
  2428 | D:3      | Prayed at the altar of an unknown god.
  2428 | D:3      | Became a worshipper of Kikubaaqudgha
  2428 | D:3      | Reached * piety under Kikubaaqudgha
  2428 | D:3      | Received a gift from Kikubaaqudgha
  2429 | D:3      | Quit the game

Illustrated notes

Levels and vault maps discovered:
D:1:      dpeg_arrival_morbid_curiosity, layout_basic, item_on_display_a
D:2:      cheibrodos_old_hovel, layout_basic, minmay_misc_feat_nine_boxes
D:3:      layout_basic, zin_angel, ashenzari_conservatory_becter,
          ebering_ecumenical_altar_ruins, minmay_misc_feat_chi, uniq_ijyb

Skill      XL: |  1  2  3 |
---------------+----------+-----
Axes           | 3 4 |  4.8
Fighting       | |  3.0
Dodging        | |  3.0
Shields        | |  3.0

Action                     |  1- 3 |  4- 6 || total
---------------------------+-------+-------++-------
  Melee: War axe           |    69 |    25 ||    94
         Tentacles         |    15 |     4 ||    19
         Constrict         |    12 |     5 ||    17
   Stab: Sleeping          |    10 |     2 ||    12
 Armour: Skin              |    19 |    12 ||    31
  Dodge: Dodged            |    25 |    14 ||    39
  Block: Buckler           |    12 |     3 ||    15

Table legend: (Time is in decaauts)
 A = Elapsed time spent in this place.
 B = Non-inter-level travel time spent in this place.
 C = Inter-level travel time spent in this place.
 D = Time resting spent in this place.
 E = Time spent auto-exploring this place.
 F = Levels seen in this place.
 G = Mean time per level.
                   A        B        C        D        E       F      G
               +--------+--------+--------+--------+--------+-----+--------+
         Total |   2462 |   2369 |     93 |    309 |   1700 |   3 |  820.7 |
       Dungeon |   2462 |   2369 |     93 |    309 |   1700 |   3 |  820.7 |
               +--------+--------+--------+--------+--------+-----+--------+

Top non-repeatable levels by time:
     D:1: 1009 daAuts
     D:2: 795 daAuts
     D:3: 657 daAuts
